 Dungeon Crawl Stone Soup version 0.28.0-45-g0d030f2227 (webtiles) character file.

Game seed: 15902656230970590388

52392 boopmooplesden the Tortoise (level 14, -6/135 HPs)
             Began as a Minotaur Berserker on Apr 4, 2022.
             Was a High Priest of Trog.
             Mangled by a death yak (13 damage)
             ... on level 6 of the Lair of Beasts.
             The game lasted 00:25:47 (16521 turns).

boopmooplesden the Tortoise (Minotaur Berserker)   Turns: 16521, Time: 00:25:48

Health: -6/135     AC: 20    Str: 31    XL:     14   Next: 27%
Magic:  22/22      EV: 12    Int:  6    God:    Trog [*****.]
Gold:   986        SH:  0    Dex: 13    Spells: 13/13 levels left

rFire   + . .      SeeInvis .   Y - +4 broad axe (flame)
rCold   . . .      Faith    .   (no shield)
rNeg    . . .      Spirit   .   k - +0 chain mail
rPois   +          Reflect  .   O - +1 hat
rElec   .          Harm     .   p - +0 cloak
rCorr   .          Rampage  .   I - +0 pair of gloves
Will    .....                   C - +0 pair of boots
Stlth   ..........              i - amulet of regeneration
HPRegen 1.12/turn               t - ring "Cahiggeh" {Fly rF+ Will- MP+9 Str+9}
MPRegen 0.18/turn               j - ring of poison resistance

@: about to teleport, on berserk cooldown, flying
A: horns 2, retaliatory headbutt
a: Renounce Religion, Berserk, Trog's Hand, Brothers in Arms


You were on level 6 of the Lair of Beasts.
You worshipped Trog.
Trog was extremely pleased with you.
You visited 2 branches of the dungeon, and saw 18 of its levels.

You collected 986 gold pieces.

Inventory:

Hand Weapons
 d - the +1 halberd "Goblin's Death" {drain, Str+4 Int+3 Dex+3}
   (You took it off a kobold brigand on level 12 of the Dungeon)

   A truly terrible weapon, it drains the life of any living foe it strikes.
   Str:       It affects your strength (+4).
   Int:       It affects your intelligence (+3).
   Dex:       It affects your dexterity (+3).
 o - the +4 dagger "Tilyl" {flame, rPois Str+5 Int-3}
   (You found it on level 2 of the Lair of Beasts)

   It burns those it strikes, dealing additional fire damage.
   Str:       It affects your strength (+5).
   Int:       It affects your intelligence (-3).
   rPois:     It protects you from poison.
 D - a +0 battleaxe
 J - a +3 scimitar of flaming
 U - a +2 vorpal demon blade
 X - the +9 falchion "Ycioptuw" {drain, Will+ Str+6}
   (You found it on level 5 of the Lair of Beasts)

   A truly terrible weapon, it drains the life of any living foe it strikes.
   Str:       It affects your strength (+6).
   Will:      It increases your willpower.
 Y - a +4 broad axe of flaming (weapon)
Missiles
 y - 13 boomerangs (quivered)
 H - 2 throwing nets
Armour
 k - a +0 chain mail (worn)
 p - a +0 cloak (worn)
 C - a +0 pair of boots (worn)
 I - a +0 pair of gloves (worn)
 O - a +1 hat (worn)
 T - a +1 scale mail of cold resistance
Jewellery
 a - an amulet of reflection
 b - a ring of fire
 h - an amulet of the acrobat
 i - an amulet of regeneration (around neck)
 j - a ring of poison resistance (right hand)
 s - a +4 ring of protection
 t - the ring "Cahiggeh" (left hand) {Fly rF+ Will- MP+9 Str+9}
   (You found it on level 4 of the Dungeon)

   [ring of magical power]

   Str:       It affects your strength (+9).
   rF:        It protects you from fire.
   MP:        It affects your magic capacity (+9).
   Fly:       It grants you flight.
   Will:      It decreases your willpower.
 K - a ring of protection from fire
 L - a +4 ring of evasion
 R - an amulet of faith
Wands
 r - a wand of polymorph (9)
 A - a wand of acid (14)
 E - a wand of iceblast (12)
 V - a wand of flame (20)
Scrolls
 e - 10 scrolls of teleportation
 q - 2 scrolls of silence
 B - a scroll of magic mapping
 F - 2 scrolls of fear
 G - 2 scrolls of fog
 N - 6 scrolls of identify
Potions
 c - 6 potions of flight {unknown}
 f - 4 potions of cancellation
 g - 3 potions of brilliance
 l - 2 potions of curing
 m - 2 potions of mutation {unknown}
 n - 3 potions of attraction {unknown}
 u - a potion of berserk rage {unknown}
 v - a potion of experience {unknown}
 w - 5 potions of might
 x - a potion of invisibility {unknown}
 z - a potion of haste {unknown}
 M - 2 potions of heal wounds {unknown}
 Q - a potion of lignification {unknown}
 S - a potion of magic {unknown}
 W - a potion of resistance {unknown}
Miscellaneous
 P - a piece from Xom's chessboard (15/15)


   Skills:
 + Level 15.3 Fighting
 + Level 13.3 Long Blades
 - Level 14.0 Axes
 + Level 16.7 Armour
 + Level 6.4 Dodging
 + Level 1.7 Stealth
 + Level 0.1 Evocations


You had 13 spell levels left.
You didn't know any spells.
Your spell library was empty.

Dungeon Overview and Level Annotations

Branches:
Dungeon (12/15)            Temple (0/1) D:4            Lair (6/6) D:11
 Shoals (0/4) Lair:2       Spider (0/4) Lair:3        Slime (0/5) Lair:5
    Orc (0/2) D:9

Altars:
Ashenzari
Cheibriados
Elyvilon
Kikubaaqudgha
Makhleb
Nemelex Xobeh
Okawaru
Qazlal
Sif Muna
Uskayaw
Vehumet
Wu Jian
Jiyva

Shops:
D:5 ?   D:6 =


Innate Abilities, Weirdness & Mutations

You have a pair of horns on your head.
You reflexively headbutt those who attack you in melee.


Message History

The catoblepas is severely wounded.
You barely miss the death yak. You slash the death yak! You burn the death yak.
The blink frog blinks!
The death yak barely misses you. x2
You furiously retaliate!
You headbutt the death yak. The catoblepas barely misses you.
You slash the catoblepas! You burn the catoblepas.
The catoblepas is almost dead.
You barely miss the death yak. You slash the death yak! You burn the death yak.
The death yak barely misses you. The death yak gores you.
The catoblepas gores you!
You hit the catoblepas. You burn the catoblepas.
The catoblepas is almost dead.
You barely miss the yak. You slash the death yak! You burn the death yak.
You slash the death yak! You burn the death yak.
You kill the death yak!
Trog accepts your kill.
The blink frog blinks!
The death yak gores you but does no damage.
The catoblepas closely misses you. You furiously retaliate!
You headbutt the catoblepas.
The blink frog blinks!
The yak barely misses you. The death yak gores you! The catoblepas gores you!!
You slice the catoblepas!! You burn the catoblepas.
You kill the catoblepas!
Trog accepts your kill.
You hit the death yak but do no damage. You slash the death yak!
You burn the death yak. You slash the yak! You burn the yak.
You slash the death yak! You burn the death yak.
You feel yourself speed up. The yak closely misses you.
You furiously retaliate!
You headbutt the yak, but do no damage. The death yak gores you!!
The death yak closely misses you. The death yak gores you!
* * * LOW HITPOINT WARNING * * *
As you read the scroll of teleportation, it crumbles to dust.
You feel strangely unstable. The yak gores you but does no damage.
The death yak closely misses you. The death yak gores you.
* * * LOW HITPOINT WARNING * * *
The death yak gores you!!
* * * LOW HITPOINT WARNING * * *
The death yak gores you!
You die...

............#
............F..#
...............#
..............##
...............P#
................#
......Y.........##
Y.....YFYY.......#
......#YY@.#....##
......Y†#####Y..#
......Y#.####...#
......#†..##§..##
.......††..Y....#
...............##
......P.........#
.......#...#P...#
.....?.........#.#


You could see 4 death yaks, 4 yaks, a blink frog (wandering) and a bullfrog.

Vanquished Creatures
  Rupert (Lair:5)
  2 boulder beetles (D:12)
  9 hydras
  A catoblepas (Lair:6)
  Erica (D:10)
  A two-headed ogre (D:9)
  2 death yaks
  Nergalle (D:10)
  A fire crab (Lair:4)
  A deep elf pyromancer (D:12)
  3 ugly things
  A manticore (D:11)
  A cyclops (D:12)
  8 elephants
  4 black mambas
  2 torpor snails
  17 cane toads
  A gargoyle (D:12)
  A kobold demonologist (D:12)
  A rime drake (shapeshifter) (D:12)
  A rime drake (Lair:1)
  14 komodo dragons
  2 polar bears (Lair:5)
  2 tyrant leeches (Lair:6)
  3 trolls
  Grinder (D:3)
  2 hornets (D:9)
  2 dream sheep (D:12)
  A snapping turtle (Lair:2)
  25 blink frogs
  4 culicivoras (Lair:3)
  2 jumping spiders (Lair:3)
  2 wyverns
  28 yaks
  4 basilisks
  Grum (Lair:1)
  3 steam dragons
  A redback (Lair:3)
  3 vampire mosquitoes
  8 water moccasins
  2 acid dragons
  4 orc warriors
  5 black bears
  A swamp drake (D:9)
  36 wolves
  2 ogres
  3 centaurs
  4 kobold brigands
  Blork the orc (D:5)
  21 bullfrogs
  2 gnoll sergeants
  A water moccasin zombie (D:7)
  7 scorpions
  6 wights (D:8)
  6 killer bees
  An electric eel (Lair:2)
  2 howler monkeys (D:8)
  A crimson imp (D:7)
  4 centaur zombies
  A jelly (D:4)
  A centaur skeleton (D:6)
  2 iguanas
  9 orc priests
  A gnoll shaman (D:9)
  3 hounds
  2 bullfrog skeletons
  9 orc wizards
  A scorpion zombie (D:5)
  A howler monkey zombie (D:11)
  10 gnolls
  3 howler monkey skeletons
  6 adders
  2 shadow imps
  A white imp (D:5)
  An ufetubus (D:5)
  An adder skeleton (D:5)
  A worm (D:2)
  2 dart slugs (D:2)
  31 orcs
  8 ball pythons
  5 bats
  4 endoplasms
  5 giant cockroaches
  8 goblins
  7 hobgoblins
  3 jackals (D:3)
  2 quokkas
  8 frilled lizards
  11 kobolds
  6 rats
432 creatures vanquished.

Vanquished Creatures (collateral kills)
  A killer bee (D:10)
1 creature vanquished.

Vanquished Creatures (others)
  A gnoll (D:12)
  An orc (D:9)
  59 fungi
  119 plants
180 creatures vanquished.

Grand Total: 613 creatures vanquished

Notes
Turn   | Place    | Note
-------+----------+-------------------------------------------
     0 | D:1      | boopmooplesden the Minotaur Berserker began the quest for
                  | the Orb.
     0 | D:1      | Reached XP level 1. HP: 19/19 MP: 0/0
   136 | D:1      | Reached XP level 2. HP: 21/27 MP: 1/1
  1068 | D:2      | Found a faded altar of an unknown god.
  1079 | D:2      | Reached XP level 3. HP: 33/33 MP: 2/2
  1222 | D:2      | Reached skill level 3 in Armour
  1447 | D:2      | Reached ** piety under Trog
  1506 | D:2      | Reached XP level 4. HP: 37/41 MP: 3/3
  1834 | D:3      | Reached skill level 5 in Axes
  1922 | D:3      | Found a white marble altar of Elyvilon.
  1929 | D:3      | Found a stormy altar of Qazlal.
  2115 | D:3      | Noticed Grinder
  2120 | D:3      | Killed Grinder
  2121 | D:3      | Reached skill level 5 in Fighting
  2121 | D:3      | Reached XP level 5. HP: 48/48 MP: 4/4
  2121 | D:3      | Reached XP level 6. HP: 56/56 MP: 5/5
  2423 | D:4      | Found an ancient bone altar of Kikubaaqudgha.
  2434 | D:4      | Reached skill level 4 in Armour
  2439 | D:4      | Found a staircase to the Ecumenical Temple.
  2462 | D:4      | Reached XP level 7. HP: 61/61 MP: 6/6
  2688 | D:4      | Found a broken altar of Ashenzari.
  2800 | D:4      | Reached skill level 5 in Armour
  2933 | D:4      | Identified the ring "Cahiggeh" {Fly rF+ Will- MP+9 Str+9}
  3025 | D:5      | Entered Level 5 of the Dungeon
  3072 | D:5      | Reached *** piety under Trog
  3398 | D:5      | Found Gaicaes's Magic Scroll Shop.
  3607 | D:5      | Noticed Blork the orc
  3638 | D:6      | Found a snail-covered altar of Cheibriados.
  3695 | D:6      | Reached XP level 8. HP: 54/70 MP: 7/7
  3698 | D:6      | Reached skill level 6 in Armour
  3882 | D:6      | Found Fyung's Jewellery Boutique.
  4659 | D:7      | Noticed a +0 hand axe
  4661 | D:7      | Found a hide-covered altar of Uskayaw.
  4661 | D:7      | Noticed a +0 dagger
  4908 | D:7      | Reached skill level 10 in Axes
  4908 | D:7      | Reached skill level 7 in Armour
  4942 | D:7      | Found a burning altar of Makhleb.
  4942 | D:7      | Found a radiant altar of Vehumet.
  5323 | D:8      | Reached XP level 9. HP: 69/77 MP: 8/8
  5338 | D:8      | Reached **** piety under Trog
  5344 | D:8      | Reached skill level 8 in Armour
  5868 | D:8      | Found an iron altar of Okawaru.
  6066 | D:8      | Found an ornate altar of the Wu Jian Council.
  6148 | D:9      | Paralysed by a hornet for 2 turns
  6303 | D:9      | Noticed a two-headed ogre
  6310 | D:9      | Killed a two-headed ogre
  6311 | D:9      | Reached skill level 9 in Armour
  6574 | D:9      | Paralysed by a hornet for 3 turns
  6581 | D:9      | Reached XP level 10. HP: 76/90 MP: 9/9
  6622 | D:9      | Reached skill level 10 in Armour
  6659 | D:9      | Found a staircase to the Orcish Mines.
  7125 | D:10     | Entered Level 10 of the Dungeon
  7159 | D:10     | Noticed Erica
  7549 | D:10     | Noticed Nergalle
  7556 | D:10     | Killed Nergalle
  7557 | D:10     | Reached skill level 11 in Armour
  7950 | D:10     | Found a sparkling altar of Nemelex Xobeh.
  8055 | D:10     | Killed Erica
  8198 | D:11     | Noticed a white ugly thing
  8205 | D:11     | Killed a white ugly thing
  8522 | D:5      | Killed Blork the orc
  8524 | D:5      | Found a shimmering blue altar of Sif Muna.
  8725 | D:11     | Noticed a green ugly thing
  8730 | D:11     | Noticed a manticore
  8737 | D:11     | Killed a green ugly thing
  8743 | D:11     | Killed a manticore
  8744 | D:11     | Reached skill level 1 in Stealth
  8744 | D:11     | Reached XP level 11. HP: 97/97 MP: 10/10
  8839 | D:11     | Reached skill level 12 in Armour
  8878 | D:11     | Found a staircase to the Lair.
  8900 | D:11     | Reached skill level 10 in Fighting
  9372 | D:12     | Noticed a deep elf pyromancer
  9394 | D:12     | Killed a deep elf pyromancer
  9644 | D:12     | Noticed a boulder beetle
  9655 | D:12     | Killed a boulder beetle
  9731 | D:12     | Noticed a brown ugly thing
  9736 | D:12     | Killed a brown ugly thing
  9749 | D:12     | Reached skill level 13 in Armour
  9812 | D:12     | Identified the +1 halberd "Goblin's Death" {drain, Str+4
                  | Int+3 Dex+3}
  9812 | D:12     | Noticed a two-headed hydra
  9817 | D:12     | Killed a one-headed hydra
  9908 | D:12     | Noticed a boulder beetle
  9912 | D:12     | Noticed a two-headed ogre
  9913 | D:12     | Reached skill level 1 in Long Blades
  9916 | D:12     | Killed a boulder beetle
  9925 | D:12     | Noticed a deep elf pyromancer
  9926 | D:12     | Noticed a two-headed ogre
  9931 | D:12     | Noticed a red ugly thing
  9940 | D:12     | Noticed an ogre mage
 10019 | Lair:1   | Entered Level 1 of the Lair of Beasts
 10086 | Lair:1   | Reached skill level 5 in Dodging
 10102 | Lair:1   | Reached XP level 12. HP: 41/111 MP: 11/11
 10175 | Lair:1   | Noticed a six-headed hydra
 10182 | Lair:1   | Killed a three-headed hydra
 10183 | Lair:1   | Reached skill level 5 in Long Blades
 10183 | Lair:1   | Reached skill level 14 in Armour
 10796 | Lair:1   | Noticed Grum
 10812 | Lair:1   | Killed Grum
 11250 | Lair:2   | Identified the +4 dagger "Tilyl" {flame, rPois Str+5 Int-3}
 11654 | Lair:2   | Reached ***** piety under Trog
 12003 | Lair:2   | Noticed a seven-headed hydra
 12011 | Lair:2   | Killed a two-headed hydra
 12127 | Lair:2   | Found a staircase to the Shoals.
 12604 | Lair:3   | Reached skill level 15 in Armour
 12631 | Lair:3   | Noticed a seven-headed hydra
 12753 | Lair:3   | Killed a five-headed hydra
 12879 | Lair:3   | Reached XP level 13. HP: 122/122 MP: 12/12
 13026 | Lair:3   | Found a hole to the Spider Nest.
 13598 | Lair:3   | Reached skill level 10 in Long Blades
 14068 | Lair:4   | Received a gift from Trog
 14267 | Lair:4   | Reached skill level 16 in Armour
 14658 | Lair:5   | Found a staircase to the Slime Pits.
 14659 | Lair:5   | Found a viscous altar of Jiyva.
 14665 | Lair:5   | Noticed Rupert
 15028 | Lair:5   | Killed Rupert
 15684 | Lair:5   | Identified the +9 falchion "Ycioptuw" {drain, Will+ Str+6}
 16087 | Lair:6   | Entered Level 6 of the Lair of Beasts
 16173 | Lair:6   | Reached XP level 14. HP: 133/133 MP: 13/13
 16357 | Lair:6   | Reached skill level 15 in Fighting
 16480 | Lair:6   | Received a gift from Trog
 16520 | Lair:6   | HP: 5/135 [death yak (18)]
 16521 | Lair:6   | Mangled by a death yak

Illustrated notes

Levels and vault maps discovered:
D:1:      mrwooster_arrival_statue_3, layout_basic, chequers_garden,
          wander_ebering_terrifying_dragon_lair
D:2:      layout_loops_cross, nicolae_ecumenical_pavilion, grunt_ministairs_1,
          nicolae_underground_beach
D:3:      layout_basic, mainiacjoe_overflow_catch_the_wave, uniq_grinder
D:4:      layout_basic, mainiacjoe_overflow_large_starburst,
          minmay_temple_entry_statues_pillars, corexii_corridor_pit
D:5:      layout_loops_cross, tgw_sif, serial_shops, nicolae_take_the_stairs,
          kennysheep_small_spiral
D:6:      layout_layer_cave, mainiacjoe_overflow_tiny_flanked, serial_shops,
          shop_fountains
D:7:      layout_basic, grunt_temple_overflow_lords_of_destruction,
          dancing_weapons_uskayaw
D:8:      layout_basic, nzn_wu_jian_council_hall, kennysheep_mini,
          hangedman_decor_clover_reticule, minmay_chambers_of_fives
D:9:      layout_basic, erik_orc_1
D:10:     layout_loops_cross, nemelex_spade_bored_becter,
          nicolae_elevator_lobby_plus, uniq_nergalle, uniq_erica
D:11:     layout_basic, due_lair_maze_entry_diamond, serial_corexii_hall,
          chequers_hall_statues_wall_a, chequers_hall_statues_y, minivault_10,
          nrook_mini_backslash
D:12:     minmay_the_grid_triangle_9x9_rhombus_full_mashed
          [minmay_the_grid_triangle_9x9_zippers_vertical,
          minmay_the_grid_triangle_9x9_skeleton,
          minmay_the_grid_triangle_9x9_warning,
          minmay_the_grid_triangle_9x9_semitri,
          minmay_the_grid_triangle_9x9_tough_junction,
          minmay_the_grid_triangle_9x9_alien,
          minmay_the_grid_triangle_9x9_sparse_checkered,
          minmay_the_grid_triangle_9x9_prize_insulated], layout_gridville,
          maelrawn_ghost_gauntlet_escape, hangedman_ranch, uniq_sonja,
          uniq_nessos
Lair:1:   layout_roguey, grunt_megastairs_5, uniq_grum
Lair:2:   layout_layer_cave, minmay_shoals_entry_hut
Lair:3:   layout_long_grid, nicolae_spider_entry_tight_spaces,
          serial_bayou_crossing
Lair:4:   layout_roguey, infiniplex_staircase_pool_2, serial_bayou_shore_b
Lair:5:   layout_cave_pods, slime_altar_1, grunt_megastairs_4, uniq_rupert
Lair:6:   minmay_lair_end_frog_pond, layout_long_grid,
          ebering_ghost_rock_garden, minivault_23

Skill      XL: |  1  2  3  4  5  6  7  8  9 10 11 12 13 14 |
---------------+-------------------------------------------+-----
Axes           | 4 6 7 9 10 12 13 14 | 14.0
Fighting       | 4 5 7 8 9 11 13 14 15 | 15.3
Armour         | 3 4 5 7 9 11 13 15 16 | 16.7
Dodging        | 3 4 5 6 |  6.4
Stealth        | 1 |  1.7
Long Blades    | 4 9 12 13 | 13.3
Evocations     | |  0.1

Action                   |  1- 3 |  4- 6 |  7- 9 | 10-12 | 13-15 || total
-------------------------+-------+-------+-------+-------+-------++-------
Melee: Hand axe          |    81 |    60 |   228 |       |       ||   369
       Headbutt          |    11 |     8 |    54 |   104 |    96 ||   273
       Punch             |     1 |     1 |     3 |     5 |     7 ||    17
       Battleaxe         |       |       |    45 |   283 |       ||   328
       Scimitar          |       |       |       |   215 |   324 ||   539
       Demon blade       |       |       |       |       |    61 ||    61
       Broad axe         |       |       |       |       |     7 ||     7
Invok: Berserk           |       |     2 |     6 |    16 |     7 ||    31
       Trog's Hand       |       |       |     1 |     1 |       ||     2
       Brothers in Arms  |       |       |       |     1 |       ||     1
Evoke: Wand              |       |       |     1 |       |       ||     1
  Use: Scroll            |       |     5 |     7 |     4 |     1 ||    17
       Potion            |       |       |       |     3 |       ||     3
Armor: Animal skin       |    15 |       |       |       |       ||    15
       Chain mail        |    15 |    37 |   156 |   415 |   292 ||   915
Dodge: Dodged            |    44 |    22 |   101 |   389 |   310 ||   866
